Map: Divergence LE

Players

paltoquet - Winner!

  • Race: Protoss Protoss
  • Spawn Location: 11:00

newbeone - Winner!

  • Race: Protoss Protoss
  • Spawn Location: 11:00

Massa

  • Race: Terran Terran
  • League: Gold
  • Spawn Location: 5:00

qqq

  • Race: Zerg Zerg
  • League: Platinum
  • Spawn Location: 5:00

VOD

Have the link to the VOD?

Description

Time

  • Played on: May 7, 2020, 4:22 p.m.
  • Length: 11:09
Show
View Real Time Build Order
Export as new Build Order

paltoquet Protoss - Winner!

Build Orders:  

Get SALT Encoding   

  12  0:00  Probe  
  13  0:13  Probe  
  14  0:21  Pylon  
  14  0:25  Probe  
  15  0:39  Probe (Chrono Boost)  
  15  0:41  Gateway  
  16  0:45  Assimilator  
  16  0:51  Probe (Chrono Boost)  
  17  0:59  Probe (Chrono Boost)  
  18  1:05  Probe  
  19  1:17  Gateway  
  19  1:18  Probe  
  20  1:31  Cybernetics Core  
  20  1:35  Probe  
  20  1:36  Pylon  
  21  1:48  Probe  
  22  2:00  Probe  
  23  2:05  Stalker x2 (Chrono Boost)  
  27  2:09  Warp Gate  
  27  2:25  Nexus  
  27  2:33  Pylon  
  27  2:37  Adept  
  27  2:43  Adept  
  31  2:51  Assimilator  
  31  2:54  Probe  
  32  3:06  Probe  
  33  3:16  Shield Battery, Adept  
  33  3:17  Shield Battery, Adept  
  35  3:46  Stalker (Chrono Boost)  
  37  3:50  Stalker (Chrono Boost)  
  30  4:07  Probe x2  
  30  4:08  Pylon  
  28  4:20  Probe x2  
  28  4:21  Pylon  
  30  4:30  Pylon  
  29  4:32  Probe  
  29  4:33  Pylon  
  29  4:34  Pylon  
  30  4:39  Pylon  
  30  4:43  Probe (Chrono Boost)  
  30  4:44  Probe (Chrono Boost)  
  32  4:48  Gateway  
  34  4:53  Probe x2 (Chrono Boost), Adept  
  36  5:00  Adept  
  36  5:04  Probe  
  36  5:05  Probe  
  40  5:15  Stalker  
  40  5:16  Probe  
  40  5:17  Probe  
  44  5:23  Twilight Council  
  42  5:40  Stalker x2  
  38  5:58  Stalker  
  40  6:06  Stalker x2  
  40  6:07  Probe x2  
  46  6:12  Blink  
  44  6:19  Probe  
  44  6:20  Probe (Chrono Boost)  
  44  6:24  Stalker  
  48  6:29  Gateway  
  48  6:32  Probe x2 (Chrono Boost), Gateway  
  50  6:36  Forge  
  50  6:41  Probe x2 (Chrono Boost)  
  50  6:42  Gateway  
  50  6:46  Probe x2 (Chrono Boost)  
  52  6:50  Assimilator  
  54  6:54  Assimilator  
  54  7:10  Stalker x3  
  54  7:15  Probe x2  
  62  7:23  Protoss Ground Weapons Level 1 (Chrono Boost)  
  62  7:27  Probe x2  
  64  7:32  Templar Archives  
  64  7:36  Stalker x3  
  64  7:39  Probe  
  65  7:48  Stalker x2  
  65  7:49  Probe  
  70  7:55  Pylon  
  70  7:57  Pylon  
  70  7:58  Pylon  
  70  8:12  Charge (Chrono Boost)  
  70  8:13  Probe x2  
  72  8:26  Probe x2, Stalker x2  
  72  8:27  Stalker x2  
  78  8:28  High Templar  
  82  8:35  Gateway  
  82  8:37  Gateway  
  82  8:38  Probe, Gateway, Psionic Storm  
  83  9:00  Pylon x2  
  83  9:01  High Templar  
  85  9:03  Zealot  
  85  9:05  Nexus  
  85  9:09  Pylon  
  87  9:20  High Templar  
  87  9:21  Zealot x3  
  95  9:28  Archon  
  74  9:54  Zealot x2  
  74  9:55  Zealot  
  80  10:00  Probe x2  
  80  10:01  Zealot x3  
  88  10:07  High Templar x2  
  88  10:08  High Templar  
  88  10:12  Probe, Photon Cannon  
  95  10:18  Photon Cannon  
  95  10:24  Probe  
  95  10:25  Shield Battery  
  95  10:28  Assimilator  
  96  10:31  High Templar, Nexus  
  96  10:33  High Templar  
  100  10:40  Archon  
  100  10:41  Zealot x3  
  100  11:05  Archon  
Show
View Real Time Build Order
Export as new Build Order

newbeone Protoss - Winner!

Build Orders: Blink Stalkers 

Get SALT Encoding   

  12  0:02  Probe (Chrono Boost)  
  13  0:13  Probe (Chrono Boost)  
  14  0:25  Pylon  
  14  0:27  Probe  
  15  0:43  Probe  
  15  0:46  Gateway  
  15  0:48  Assimilator  
  16  0:53  Assimilator  
  16  0:55  Probe (Chrono Boost)  
  17  1:07  Probe (Chrono Boost)  
  18  1:16  Probe (Chrono Boost)  
  19  1:22  Probe  
  20  1:26  Pylon  
  20  1:34  Cybernetics Core  
  20  1:36  Gateway  
  20  1:45  Gateway  
  20  1:49  Probe  
  21  2:08  Warp Gate (Chrono Boost)  
  21  2:09  Probe  
  21  2:13  Stalker  
  24  2:18  Twilight Council  
  24  2:25  Stalker  
  26  2:33  Stalker  
  28  2:54  Blink  
  28  3:01  Gateway  
  21  3:52  Adept  
  21  3:53  Adept x2  
  27  4:00  Adept  
  27  4:22  Stalker  
  27  4:23  Stalker  
  31  4:49  Pylon  
  31  4:51  Pylon  
  31  5:21  Nexus  
  31  5:22  Pylon  
  31  5:25  Stalker x4  
  28  6:00  Stalker  
  28  6:01  Stalker  
  26  6:33  Probe  
  26  6:34  Stalker x2  
  26  6:35  Stalker x2  
  35  6:43  Robotics Facility  
  36  6:48  Probe (Chrono Boost)  
  36  6:49  Probe (Chrono Boost)  
  37  6:58  Probe (Chrono Boost)  
  37  6:59  Pylon  
  37  7:00  Probe (Chrono Boost)  
  39  7:21  Stalker x4  
  47  7:23  Shield Battery  
  47  7:35  Observer (Chrono Boost)  
  48  7:43  Probe x2  
  50  7:48  Observer (Chrono Boost)  
  50  7:51  Robotics Bay  
  51  7:55  Probe x2  
  53  8:02  Shield Battery  
  53  8:07  Probe x2  
  55  8:19  Probe  
  56  8:36  Colossus (Chrono Boost)  
  62  8:41  Extended Thermal Lance  
  62  8:47  Probe x2  
  64  8:49  Stalker x3  
  64  8:54  Pylon  
  70  9:04  Assimilator  
  70  9:09  Assimilator  
  70  9:12  Probe x2  
  58  9:54  Probe x2  
  60  10:01  Colossus (Chrono Boost)  
  60  10:03  Pylon  
  60  10:06  Observer, Probe x2  
  68  10:19  Nexus  
  68  10:23  Pylon  
  68  10:44  Pylon  
Show
View Real Time Build Order
Export as new Build Order

Massa Terran 

Build Orders:  

Get SALT Encoding   

  12  0:13  SCV, Supply Depot  
  13  0:25  SCV  
  14  0:35  Barracks  
  14  0:38  SCV  
  15  0:50  SCV  
  15  0:53  Supply Depot  
  16  1:02  SCV  
  17  1:13  Barracks  
  17  1:14  SCV  
  18  1:24  Barracks  
  18  1:27  Marine  
  19  1:36  SCV  
  19  1:37  Refinery  
  20  1:45  Marine  
  21  1:58  SCV  
  22  2:04  Barracks  
  22  2:07  Supply Depot  
  22  2:11  Orbital Command  
  22  2:15  Marine x2  
  22  2:18  Marine  
  25  2:33  Marine  
  25  2:34  Marine  
  25  2:36  Marine  
  28  2:51  Marine x2  
  29  2:52  Marine  
  29  2:53  Supply Depot  
  29  2:54  Marine  
  30  3:09  Marine x2  
  30  3:10  Marine  
  30  3:11  Marine  
  34  3:22  Supply Depot  
  34  3:26  Marine  
  35  3:27  Marine  
  35  3:28  Marine  
  35  3:29  Marine  
  38  3:44  Marine  
  38  3:45  Marine  
  38  3:46  Marine  
  38  3:47  Marine  
  42  4:02  Marine  
  42  4:06  Marine x3  
  40  4:20  Marine  
  36  4:24  Marine x3  
  36  4:38  Marine  
  36  4:42  Marine x3  
  39  4:55  Marine  
  39  4:59  Marine  
  40  5:00  Factory, Marine x2  
  43  5:13  Marine  
  44  5:17  Marine x2  
  44  5:18  Marine, Command Center  
  46  5:31  Marine  
  32  6:08  Marine  
  32  6:09  Marine x3  
  34  6:11  Factory Tech Lab  
  29  6:26  Marine x3  
  29  6:27  Marine  
  33  6:33  Siege Tank  
  33  6:37  SCV  
  33  6:39  SCV  
  38  6:44  Marine x4  
  42  6:49  SCV  
  42  6:51  Factory  
  42  6:52  SCV  
  45  7:01  SCV  
  45  7:04  SCV  
  45  7:05  Siege Tank  
  49  7:13  SCV  
  48  7:16  SCV  
  49  7:25  SCV  
  49  7:26  Marine x4  
  49  7:28  SCV  
  53  7:44  Marine x2  
  52  7:50  Barracks Tech Lab  
  54  7:52  Barracks Reactor  
  53  7:58  Factory Tech Lab  
  53  7:59  Siege Tank  
  53  8:01  Marine  
  53  8:02  Marine  
  58  8:19  Marine  
  58  8:31  Siege Tank  
  61  8:44  Marauder, Marine  
  61  8:45  Stimpack  
  64  8:52  Engineering Bay  
  64  8:55  Refinery  
  64  9:13  Command Center  
  64  9:18  Engineering Bay  
  31  9:53  Marauder  
  31  9:54  Marine x4  
  31  9:57  Siege Tank  
  38  10:04  Refinery  
  38  10:08  Refinery  
  38  10:11  Marine x2  
  38  10:12  Marine  
  41  10:15  Marauder  
  41  10:17  Missile Turret  
  43  10:24  Orbital Command, SCV  
  44  10:33  SCV  
  45  10:36  SCV, Marauder  
  45  10:38  Missile Turret  
  48  10:45  SCV  
  48  10:48  SCV  
  50  10:57  SCV  
  50  11:00  Missile Turret  
Show
View Real Time Build Order
Export as new Build Order

qqq Zerg 

Build Orders: Hatch First 

Get SALT Encoding   

  12  0:01  Drone  
  13  0:09  Drone  
  14  0:38  Hatchery  
  13  0:53  Spawning Pool  
  12  0:59  Drone  
  12  1:02  Extractor  
  12  1:03  Drone  
  13  1:20  Drone, Overlord  
  14  1:42  Zergling x4  
  14  1:45  Zergling x2  
  17  1:52  Drone  
  17  1:53  Zergling x2  
  19  2:04  Drone  
  19  2:05  Zergling x2  
  21  2:11  Queen  
  23  2:15  Metabolic Boost  
  23  2:20  Overlord  
  23  2:22  Zergling x2  
  24  2:25  Zergling x2  
  24  2:28  Zergling x2  
  26  2:34  Zergling x2  
  27  2:37  Zergling x2  
  28  2:50  Roach Warren  
  27  2:54  Zergling x2  
  27  2:56  Zergling x4  
  29  3:01  Zergling x2  
  30  3:13  Zergling x2  
  30  3:16  Zergling x2  
  30  3:18  Overlord  
  29  3:35  Zergling x6  
  27  4:02  Zergling x6  
  28  4:03  Zergling x8  
  28  4:14  Roach  
  28  4:15  Drone  
  27  4:49  Roach x3  
  27  4:50  Roach x2  
  27  4:51  Roach x3  
  41  5:02  Drone  
  41  5:05  Roach  
  44  5:08  Overlord  
  44  5:24  Overlord x2  
  39  5:41  Roach  
  39  5:42  Roach x3  
  45  5:56  Zergling x6  
  45  5:57  Zergling x2  
  43  6:15  Roach x2  
  43  6:16  Roach  
  37  6:33  Drone, Roach x2  
  37  6:34  Drone  
  37  6:35  Drone  
  44  6:47  Zergling x4  
  44  6:50  Pneumatized Carapace  
  44  6:53  Drone  
  47  6:56  Drone  
  46  7:01  Zergling x2  
  46  7:02  Zergling x2  
  46  7:09  Zergling x4  
  44  7:21  Roach x2  
  48  7:23  Roach  
  48  7:25  Drone  
  51  7:36  Zergling x2  
  53  7:37  Zergling x4  
  54  7:44  Zergling x2  
  55  7:52  Zergling x2  
  56  8:01  Drone  
  56  8:02  Drone  
  56  8:04  Overlord  
  58  8:07  Hatchery  
  52  8:23  Lair  
  52  8:27  Drone  
  52  8:28  Drone x3  
  52  8:32  Zergling x2  
  52  8:33  Roach  
  59  8:42  Zergling x2  
  59  8:43  Drone x2  
  62  8:49  Roach  
  62  8:50  Roach  
  62  8:52  Overlord x2  
  66  9:03  Zergling x2  
  66  9:08  Extractor  
  56  9:44  Roach x3  
  44  9:45  Drone  
  44  9:46  Drone x5  
  48  10:05  Roach  
  50  10:08  Drone x2  
  52  10:15  Infestation Pit  
  52  10:17  Drone x2, Evolution Chamber  
  52  10:26  Roach x2  
  52  10:27  Roach  
  58  10:28  Drone  
  58  10:29  Hatchery  
  58  10:42  Roach x5  
  70  10:43  Roach  
  70  10:44  Drone x2  
Tags
 
Add a new tag
Caveats
  • Supply blocks, unpowered buildings, or Contaminate may cause inaccurate times.
  • Supply counts are checked every 10 seconds.